 Dungeon Crawl Stone Soup version 0.24.0-13-gcf9b319 (webtiles) character file.

Game seed: 13206871538362702444, levelgen mode: deterministic

37 DarkinPup the Skirmisher (level 3, -10/29 HPs)
             Began as a Demonspawn Monk on Nov 29, 2019.
             Killed by nerve-wracking pain
             ... invoked by Jessica
              (13 damage)
             ... on level 4 of the Dungeon.
             The game lasted 00:03:12 (1421 turns).

DarkinPup the Skirmisher (Demonspawn Monk)          Turns: 1421, Time: 00:03:16

Health: -10/29     AC:  7    Str: 12    XL:     3   Next: 21%
Magic:  3/3        EV: 11    Int: 11    God:
Gold:   94         SH:  4    Dex: 15    Spells: 2/2 levels left

rFire    + . .     SeeInvis .   a - +0 falchion
rCold    x . .     Gourm    .   e - +0 buckler
rNeg     . . .     Faith    .   j - +0 ring mail
rPois    .         Spirit   .   (no helmet)
rElec    .         Reflect  .   (no cloak)
rCorr    .         Harm     .   (no gloves)
MR       .....                  (no boots)
Stlth    +.........             (no amulet)
HPRegen  0.09/turn              n - ring of fire
MPRegen  0.08/turn              (no ring)

@: no status effects
A: thin metallic scales 1, rot immunity
a: no special abilities


You were on level 4 of the Dungeon.
You were not hungry.

You visited 1 branch of the dungeon, and saw 4 of its levels.

You collected 94 gold pieces.

Inventory:

Hand Weapons
 a - a +0 falchion (weapon)
Armour
 e - a +0 buckler (worn)
 j - a +0 ring mail (worn)
Jewellery
 n - a ring of fire (left hand)
Scrolls
 b - a scroll of teleportation {unknown}
 f - a scroll of fog {unknown}
 g - 3 scrolls of magic mapping {unknown}
 i - a scroll of identify {unknown}
 k - a scroll of enchant armour {unknown}
Potions
 d - 3 potions of curing {unknown}
 h - a potion of mutation {unknown}
 l - a potion of haste {unknown}
Comestibles
 c - 4 rations


   Skills:
 * Level 3.6 Fighting
 - Level 2.8 Long Blades
 + Level 3.1 Dodging
 - Level 1.7 Stealth
 + Level 0.7 Shields


You had 2 spell levels left.
You didn't know any spells.
Your spell library contained the following spells:

 Spells                   Type           Power        Failure   Level  Hunger
 Freeze                   Ice            #...         77%         1    ##.....
 Throw Frost              Conj/Ice       #.....       88%         2    ###....
 Ozocubu's Armour         Chrm/Ice       #.......     98%         3    ####...
 Summon Ice Beast         Ice/Summ       #.......     100%        4    #####..
 Throw Icicle             Conj/Ice       #.......     100%        4    #####..


Dungeon Overview and Level Annotations

Branches:
Dungeon (4/15)
 Temple: D:4-7

Altars:

Annotations:
D:2 Terence
D:3 1 runed translucent door, Crazy Yiuf
D:4 Jessica


Innate Abilities, Weirdness & Mutations

You are partially covered in thin metallic scales. (AC +2)
You are immune to rotting.


Message History

Jessica is heavily wounded.
Jessica closely misses you. x2; You riposte.
You closely miss Jessica.
Jessica is heavily wounded.
You hit Jessica but do no damage.
Jessica is heavily wounded.
Jessica misses you.
Jessica looks very angry.
Jessica barely misses you.
You closely miss Jessica.
Jessica is heavily wounded.
Jessica hits you.
* * * LOW HITPOINT WARNING * * *
Jessica hits you but does no damage.
You hit Jessica but do no damage.
Jessica is heavily wounded.
Jessica casts a spell.
Jessica blinks!
Jessica points at you and mumbles some strange words.
Pain shoots through your body!
You die...

#.......#+#+##.
#..............
#.............#
#.............#
#...(.......@.#
#.............#
#.............#
#......@...$..#
##.....ยง......#
............###
#############


You could see Jessica.

Vanquished Creatures
  An adder (D:2)
  A worm (D:2)
  2 dart slugs (D:1)
  2 giant cockroaches
  2 goblins
  A hobgoblin (D:1)
  A jackal (D:1)
  A ball python (D:2)
  4 bats
  2 frilled lizards (D:2)
  3 kobolds
  2 rats
22 creatures vanquished.

Notes
Turn   | Place    | Note
-------+----------+-------------------------------------------
     0 | D:1      | DarkinPup the Demonspawn Monk began the quest for the Orb.
     0 | D:1      | Reached XP level 1. HP: 18/18 MP: 1/1
   476 | D:1      | Gained mutation: You are immune to rotting. [demonic
                  | ancestry]
   476 | D:1      | Reached XP level 2. HP: 24/24 MP: 2/2
   814 | D:2      | Gained mutation: You are partially covered in thin metallic
                  | scales. (AC +2) [demonic ancestry]
   814 | D:2      | Reached XP level 3. HP: 10/29 MP: 3/3
  1112 | D:2      | Noticed an ogre
  1112 | D:2      | Noticed Terence
  1352 | D:3      | Found a runed translucent door.
  1353 | D:3      | Noticed Crazy Yiuf
  1388 | D:3      | Noticed Jessica
  1421 | D:4      | Killed from afar by Jessica

Levels and vault maps discovered:
D:1:      dpeg_arrival_ternary, layout_basic
D:2:      layout_rooms, dk_noncrumbling_3, uniq_terence, uniq_natasha
D:3:      layout_rooms, uniq_jessica, uniq_crazy_yiuf_cottage
D:4:      layout_basic, nicolae_overflow_crystal_walls, minitemple,
          first_ration, serial_shops, shop, minmay_tree_intersection

Skill      XL: |  1  2 |
---------------+-------+-----
Dodging        | 3 |  3.1
Fighting       | |  3.6
Long Blades    | |  2.8
Stealth        | |  1.7
Shields        | |  0.7

Action                   || total
-------------------------++-------
Melee: Falchion          ||   103
  Eat: Chunk             ||     2
Armor: Robe              ||     8
       Ring mail         ||    38
Dodge: Dodged            ||    87
Block: Buckler           ||    20
       Rpst.: Falchion   ||    24
